3110 views
Uploaded 2019-12-01 20:42:21
Game version 1.32.0.2 / 1.32.0.2.1
14:56 long 4on4 ladder game on (8)Mur'gulOasis_LV
Saved by BEARAND
3110 views
Uploaded 2019-12-01 20:42:21
Game version 1.32.0.2 / 1.32.0.2.1
14:56 long 4on4 ladder game on (8)Mur'gulOasis_LV


55 units @ 7.9k
/ 0.7k
44 buildings @ 7.1k
/ 2.7k

| Healing Salve | 1 | 100 |
| Boots of Speed | 1 | 250 |
| total: | 2 | 350g |
| Peon | 9 | 675 | / | 0 |
| Grunt | 4 | 800 | / | 0 |
| Troll Headhunter | 2 | 280 | / | 40 |
| total: | 15 | 1755g | / | 40w |
| Altar of Storms | 1 | 180 | / | 50 |
| Orc Burrow | 4 | 640 | / | 160 |
| Barracks | 1 | 180 | / | 50 |
| Voodoo Lounge | 1 | 130 | / | 30 |
| War Mill | 1 | 205 | / | 0 |
| Stronghold | 1 | 315 | / | 190 |
| total: | 8 | 1335g | / | 290w |
| 0:07 | Altar of Storms |
| 0:18 | Peon |
| 0:22 | Orc Burrow |
| 0:53 | Barracks |
| 1:00 | Peon |
| 1:00 | Peon |
| 1:47 | Peon |
| 1:48 | Peon |
| 1:48 | Peon |
| 1:48 | Peon |
| 1:48 | Peon |
| 1:48 | Peon |
| 2:02 | Grunt |
| 2:12 | Orc Burrow |
| 2:21 | Wind Walk |
| 3:04 | Grunt |
| 3:05 | Grunt |
| 3:14 | Voodoo Lounge |
| 3:33 | War Mill |
| 4:23 | Orc Burrow |
| 4:24 | Stronghold |
| 4:39 | Critical Strike |
| 5:00 | Troll Headhunter |
| 5:00 | Troll Headhunter |
| 5:01 | Grunt |
| 5:12 | Healing Salve |
| 5:22 | Orc Burrow |
| 6:11 | Boots of Speed |
| 6:21 | Steel Ranged Weapons |
| 6:21 | Steel Melee Weapons |
| 7:47 | Berserker Strength |
| 7:48 | Troll Regeneration |
| 7:53 | Steel Armor |
| Right click | 272 |
| Select | 103 |
| Select group | 37 |
| Build/train/purchase | 31 |
| Misc. action | 12 |
| Assign group | 8 |
| Use ability | 4 |
| Remove unit | 1 |

| Lesser Clarity Potion | 1 | 70 |
| Healing Salve | 1 | 100 |
| total: | 2 | 170g |
| Peon | 7 | 525 | / | 0 |
| Grunt | 6 | 1200 | / | 0 |
| Spirit Walker | 2 | 390 | / | 70 |
| total: | 15 | 2115g | / | 70w |
| Barracks | 1 | 180 | / | 50 |
| Orc Burrow | 4 | 640 | / | 160 |
| Altar of Storms | 1 | 180 | / | 50 |
| Voodoo Lounge | 1 | 130 | / | 30 |
| War Mill | 1 | 205 | / | 0 |
| Tauren Totem | 2 | 270 | / | 310 |
| Stronghold | 1 | 315 | / | 190 |
| Fortress | 2 | 650 | / | 380 |
| total: | 10 | 1605g | / | 600w |
| 0:02 | Peon |
| 0:09 | Peon |
| 0:19 | Barracks |
| 0:23 | Peon |
| 0:33 | Orc Burrow |
| 0:42 | Peon |
| 0:49 | Altar of Storms |
| 0:58 | Peon |
| 1:06 | Peon |
| 1:24 | Grunt |
| 1:38 | Orc Burrow |
| 1:41 | Peon |
| 2:01 | Voodoo Lounge |
| 2:24 | Healing Spray |
| 2:29 | Grunt |
| 2:50 | Stronghold |
| 2:59 | Grunt |
| 2:59 | Grunt |
| 3:23 | Orc Burrow |
| 3:34 | Grunt |
| 3:34 | Grunt |
| 4:11 | Acid Bomb |
| 4:22 | War Mill |
| 5:50 | Tauren Totem |
| 5:51 | Fortress |
| 5:55 | Tauren Totem |
| 6:13 | Healing Spray |
| 6:24 | Lesser Clarity Potion |
| 6:25 | Healing Salve |
| 6:48 | Steel Armor |
| 6:49 | Steel Melee Weapons |
| 6:52 | Orc Burrow |
| 7:46 | Spirit Walker |
| 7:47 | Spirit Walker |
| Right click | 390 |
| Select | 251 |
| Select group | 53 |
| Chat | 36 |
| Build/train/purchase | 30 |
| Misc. action | 29 |
| Assign group | 12 |
| Use ability | 12 |
| Esc | 1 |

| Rod of Necromancy | 1 | 150 |
| total: | 1 | 150g |
| Acolyte | 2 | 150 | / | 0 |
| Ghoul | 2 | 240 | / | 0 |
| Crypt Fiend | 5 | 1075 | / | 200 |
| total: | 9 | 1465g | / | 200w |
| Nerubian Tower | 1 | 100 | / | 20 |
| Spirit Tower | 3 | 435 | / | 120 |
| Ziggurat | 4 | 600 | / | 200 |
| Crypt | 1 | 200 | / | 50 |
| Graveyard | 1 | 215 | / | 0 |
| Altar of Darkness | 1 | 180 | / | 50 |
| Tomb of Relics | 1 | 130 | / | 30 |
| Slaughterhouse | 1 | 140 | / | 135 |
| Halls of the Dead | 1 | 320 | / | 210 |
| total: | 9 | 1465g | / | 465w |
| 0:10 | Acolyte |
| 0:11 | Acolyte |
| 0:18 | Ziggurat |
| 0:27 | Crypt |
| 0:45 | Graveyard |
| 1:08 | Altar of Darkness |
| 1:33 | Ghoul |
| 1:33 | Ghoul |
| 1:39 | Nerubian Tower |
| 1:55 | Tomb of Relics |
| 2:11 | Ziggurat |
| 2:31 | Crypt Fiend |
| 2:53 | Crypt Fiend |
| 3:21 | Spirit Tower |
| 3:26 | Creature Attack |
| 3:38 | Rod of Necromancy |
| 3:43 | Death Coil |
| 3:59 | Creature Carapace |
| 4:34 | Crypt Fiend |
| 4:35 | Crypt Fiend |
| 4:45 | Unholy Aura |
| 5:06 | Ziggurat |
| 5:34 | Halls of the Dead |
| 5:52 | Ziggurat |
| 6:06 | Crypt Fiend |
| 7:21 | Death Coil |
| 7:37 | Spirit Tower |
| 7:39 | Spirit Tower |
| 7:57 | Slaughterhouse |
| Right click | 190 |
| Select | 81 |
| Build/train/purchase | 26 |
| Chat | 25 |
| Misc. action | 2 |
| Use ability | 1 |

| Sacrificial Skull | 1 | 50 |
| Rod of Necromancy | 1 | 150 |
| Potion of Healing | 2 | 300 |
| Orb of Corruption | 1 | 375 |
| total: | 5 | 875g |
| Acolyte | 3 | 225 | / | 0 |
| Ghoul | 10 | 1200 | / | 0 |
| Frost Wyrm | 3 | 1155 | / | 360 |
| total: | 16 | 2580g | / | 360w |
| Nerubian Tower | 1 | 100 | / | 20 |
| Crypt | 1 | 200 | / | 50 |
| Altar of Darkness | 1 | 180 | / | 50 |
| Ziggurat | 9 | 1350 | / | 450 |
| Tomb of Relics | 1 | 130 | / | 30 |
| Graveyard | 1 | 215 | / | 0 |
| Sacrificial Pit | 1 | 75 | / | 150 |
| Boneyard | 3 | 525 | / | 600 |
| Halls of the Dead | 3 | 960 | / | 630 |
| Black Citadel | 2 | 650 | / | 460 |
| total: | 17 | 2675g | / | 1330w |
| 0:04 | Acolyte |
| 0:04 | Acolyte |
| 0:11 | Crypt |
| 0:14 | Acolyte |
| 0:24 | Altar of Darkness |
| 0:41 | Ziggurat |
| 1:21 | Ghoul |
| 1:27 | Tomb of Relics |
| 1:31 | Ziggurat |
| 2:00 | Ghoul |
| 2:22 | Ghoul |
| 2:29 | Ghoul |
| 2:42 | Sacrificial Skull |
| 2:44 | Rod of Necromancy |
| 2:49 | Nerubian Tower |
| 2:54 | Spiked Carapace |
| 3:07 | Halls of the Dead |
| 3:07 | Halls of the Dead |
| 3:13 | Ghoul |
| 3:14 | Ghoul |
| 4:03 | Graveyard |
| 4:06 | Ziggurat |
| 4:15 | Carrion Beetles |
| 4:40 | Ghoul |
| 5:28 | Potion of Healing |
| 6:18 | Spiked Carapace |
| 6:51 | Black Citadel |
| 6:53 | Creature Attack |
| 7:26 | Ghoul |
| 7:26 | Ghoul |
| 7:26 | Ghoul |
| 8:35 | Healing Wave |
| 8:54 | Improved Creature Attack |
| 8:58 | Sacrificial Pit |
| 9:54 | Boneyard |
| 9:57 | Boneyard |
| 9:59 | Boneyard |
| 10:11 | Ziggurat |
| 10:13 | Ziggurat |
| 10:14 | Ziggurat |
| 11:29 | Frost Wyrm |
| 11:29 | Frost Wyrm |
| 11:29 | Frost Wyrm |
| 11:51 | Ghoul Frenzy |
| 12:27 | Orb of Corruption |
| 12:36 | Potion of Healing |
| 12:51 | Ziggurat |
| 12:51 | Ziggurat |
| 12:56 | Advanced Creature Attack |
| 13:04 | Ziggurat |
| Right click | 491 |
| Select group | 355 |
| Select | 200 |
| Chat | 105 |
| Build/train/purchase | 54 |
| Assign group | 26 |
| Misc. action | 22 |
| Use ability | 7 |
| Item give/drop | 2 |
56 units @ 4.2k
/ 0k
142 buildings @ 11k
/ 5.6k



| Scroll of Regeneration | 1 | 100 |
| Lesser Clarity Potion | 1 | 70 |
| Mechanical Critter | 2 | 100 |
| Staff of Sanctuary | 2 | 500 |
| Orb of Fire | 1 | 325 |
| Boots of Speed | 3 | 750 |
| Staff of Teleportation | 2 | 300 |
| Orb of Lightning | 1 | 375 |
| total: | 13 | 2520g |
| Peasant | 14 | 1050 | / | 0 |
| total: | 14 | 1050g | / | 0w |
| Scout Tower | 19 | 570 | / | 380 |
| Arcane Tower | 2 | 140 | / | 100 |
| Guard Tower | 11 | 770 | / | 550 |
| Altar of Kings | 1 | 180 | / | 50 |
| Farm | 4 | 320 | / | 80 |
| Lumber Mill | 1 | 120 | / | 0 |
| Arcane Vault | 2 | 260 | / | 60 |
| Keep | 1 | 320 | / | 210 |
| Castle | 1 | 360 | / | 210 |
| total: | 27 | 1450g | / | 570w |
| 0:03 | Peasant |
| 0:05 | Altar of Kings |
| 0:15 | Peasant |
| 0:19 | Farm |
| 0:33 | Peasant |
| 0:37 | Lumber Mill |
| 0:46 | Peasant |
| 0:53 | Farm |
| 1:03 | Peasant |
| 1:09 | Peasant |
| 1:21 | Peasant |
| 1:32 | Scout Tower |
| 1:33 | Scout Tower |
| 1:37 | Peasant |
| 1:48 | Improved Masonry |
| 2:04 | Storm Bolt |
| 2:29 | Scout Tower |
| 2:30 | Arcane Tower |
| 2:30 | Guard Tower |
| 2:44 | Peasant |
| 2:44 | Peasant |
| 2:44 | Peasant |
| 2:51 | Arcane Vault |
| 2:54 | Peasant |
| 3:03 | Scout Tower |
| 3:03 | Guard Tower |
| 3:14 | Scout Tower |
| 3:17 | Scout Tower |
| 3:29 | Guard Tower |
| 3:31 | Scout Tower |
| 3:32 | Scout Tower |
| 3:35 | Bash |
| 3:52 | Boots of Speed |
| 3:53 | Staff of Teleportation |
| 4:07 | Keep |
| 4:14 | Arcane Tower |
| 4:20 | Guard Tower |
| 4:26 | Scout Tower |
| 4:43 | Guard Tower |
| 5:08 | Scout Tower |
| 5:08 | Guard Tower |
| 5:11 | Farm |
| 5:37 | Guard Tower |
| 5:38 | Scout Tower |
| 5:40 | Scout Tower |
| 6:16 | Storm Bolt |
| 6:35 | Guard Tower |
| 6:40 | Scout Tower |
| 6:40 | Scout Tower |
| 6:43 | Scroll of Regeneration |
| 6:47 | Lesser Clarity Potion |
| 6:48 | Mechanical Critter |
| 6:49 | Mechanical Critter |
| 7:09 | Advanced Masonry |
| 7:09 | Improved Lumber Harvesting |
| 7:11 | Peasant |
| 7:11 | Peasant |
| 7:48 | Guard Tower |
| 7:49 | Scout Tower |
| 7:49 | Scout Tower |
| 7:50 | Scout Tower |
| 8:16 | Holy Light |
| 9:13 | Castle |
| 9:18 | Guard Tower |
| 9:20 | Scout Tower |
| 9:22 | Scout Tower |
| 9:23 | Divine Shield |
| 10:15 | Arcane Vault |
| 10:20 | Guard Tower |
| 11:22 | Bash |
| 11:37 | Farm |
| 12:13 | Imbued Masonry |
| 12:13 | Advanced Lumber Harvesting |
| 12:49 | Banish |
| 12:55 | Staff of Sanctuary |
| 12:56 | Orb of Lightning |
| 12:58 | Staff of Sanctuary |
| 13:11 | Boots of Speed |
| 13:12 | Staff of Teleportation |
| 13:21 | Boots of Speed |
| 13:40 | Holy Light |
| 13:43 | Orb of Fire |
| Right click | 692 |
| Select group | 463 |
| Assign group | 220 |
| Select | 145 |
| Build/train/purchase | 75 |
| Chat | 57 |
| Use ability | 46 |
| Misc. action | 35 |
| Item give/drop | 6 |



| Healing Salve | 2 | 200 |
| Boots of Speed | 1 | 250 |
| total: | 3 | 450g |
| Peon | 14 | 1050 | / | 0 |
| total: | 14 | 1050g | / | 0w |
| Watch Tower | 21 | 2310 | / | 1680 |
| Altar of Storms | 1 | 180 | / | 50 |
| Orc Burrow | 3 | 480 | / | 120 |
| War Mill | 1 | 205 | / | 0 |
| Voodoo Lounge | 4 | 520 | / | 120 |
| Great Hall | 2 | 770 | / | 370 |
| Beastiary | 2 | 290 | / | 280 |
| Stronghold | 1 | 315 | / | 190 |
| Fortress | 1 | 325 | / | 190 |
| total: | 34 | 4755g | / | 2620w |
| 0:02 | Peon |
| 0:02 | Peon |
| 0:06 | Altar of Storms |
| 0:22 | Orc Burrow |
| 0:28 | Peon |
| 0:37 | Peon |
| 0:49 | War Mill |
| 0:52 | Peon |
| 1:06 | Voodoo Lounge |
| 1:18 | Peon |
| 1:22 | Peon |
| 1:34 | Peon |
| 1:47 | Orc Burrow |
| 1:59 | Peon |
| 2:06 | Watch Tower |
| 2:14 | Wind Walk |
| 2:19 | Peon |
| 2:26 | Watch Tower |
| 2:41 | Watch Tower |
| 2:51 | Healing Salve |
| 3:03 | Watch Tower |
| 3:06 | Peon |
| 3:23 | Peon |
| 3:30 | Voodoo Lounge |
| 3:34 | Peon |
| 3:53 | Peon |
| 3:55 | Watch Tower |
| 4:13 | Critical Strike |
| 4:24 | Stronghold |
| 4:34 | Voodoo Lounge |
| 4:41 | Healing Salve |
| 5:09 | Boots of Speed |
| 5:19 | Watch Tower |
| 5:28 | Watch Tower |
| 5:32 | Watch Tower |
| 5:35 | Spiked Barricades |
| 6:02 | Watch Tower |
| 6:14 | Voodoo Lounge |
| 6:37 | Watch Tower |
| 6:40 | Watch Tower |
| 7:53 | Hex |
| 7:56 | Watch Tower |
| 8:18 | Wind Walk |
| 8:47 | Watch Tower |
| 8:48 | Fortress |
| 9:24 | Great Hall |
| 9:30 | Watch Tower |
| 9:52 | Watch Tower |
| 9:58 | Watch Tower |
| 10:01 | Orc Burrow |
| 10:05 | Reinforced Defenses |
| 10:05 | Improved Spiked Barricades |
| 10:37 | Healing Wave |
| 10:58 | Watch Tower |
| 10:59 | Watch Tower |
| 11:16 | Great Hall |
| 11:44 | Cluster Rockets |
| 12:10 | Watch Tower |
| 12:12 | Watch Tower |
| 12:49 | Steel Ranged Weapons |
| 12:50 | Steel Armor |
| 12:52 | Beastiary |
| 12:54 | Beastiary |
| 13:36 | Critical Strike |
| 13:40 | Engineering Upgrade |
| 13:48 | Hex |
| 13:53 | Watch Tower |
| Right click | 753 |
| Select | 223 |
| Select group | 99 |
| Build/train/purchase | 46 |
| Misc. action | 41 |
| Use ability | 29 |
| Item give/drop | 5 |
| Assign group | 2 |
| Esc | 2 |
| Minimap ping | 2 |



x1)
| Staff of Sanctuary | 1 | 250 |
| Boots of Speed | 2 | 500 |
| Staff of Teleportation | 2 | 300 |
| Tome of Retraining | 1 | 300 |
| Healing Salve | 2 | 200 |
| Orb of Lightning | 2 | 750 |
| total: | 10 | 2300g |
| Peasant | 14 | 1050 | / | 0 |
| total: | 14 | 1050g | / | 0w |
| Scout Tower | 18 | 540 | / | 360 |
| Arcane Tower | 2 | 140 | / | 100 |
| Guard Tower | 23 | 1610 | / | 1150 |
| Altar of Kings | 1 | 180 | / | 50 |
| Farm | 5 | 400 | / | 100 |
| Lumber Mill | 1 | 120 | / | 0 |
| Arcane Vault | 1 | 130 | / | 30 |
| Blacksmith | 1 | 140 | / | 60 |
| Barracks | 1 | 160 | / | 60 |
| Arcane Sanctum | 1 | 150 | / | 140 |
| Gryphon Aviary | 2 | 280 | / | 300 |
| Keep | 2 | 640 | / | 420 |
| Castle | 2 | 720 | / | 420 |
| total: | 31 | 2100g | / | 1100w |
| 0:12 | Altar of Kings |
| 0:14 | Peasant |
| 0:15 | Peasant |
| 0:30 | Farm |
| 0:47 | Lumber Mill |
| 0:50 | Peasant |
| 0:51 | Peasant |
| 0:59 | Farm |
| 1:05 | Peasant |
| 1:13 | Scout Tower |
| 1:29 | Peasant |
| 1:39 | Scout Tower |
| 1:42 | Peasant |
| 1:51 | Arcane Tower |
| 1:55 | Peasant |
| 2:09 | Scout Tower |
| 2:17 | Summon Water Elemental |
| 2:21 | Guard Tower |
| 2:31 | Peasant |
| 2:35 | Scout Tower |
| 2:39 | Scout Tower |
| 2:39 | Guard Tower |
| 2:47 | Peasant |
| 2:48 | Peasant |
| 2:49 | Peasant |
| 3:09 | Guard Tower |
| 3:09 | Guard Tower |
| 3:11 | Scout Tower |
| 3:12 | Scout Tower |
| 3:16 | Peasant |
| 3:28 | Peasant |
| 3:32 | Scout Tower |
| 3:34 | Scout Tower |
| 3:53 | Guard Tower |
| 3:54 | Guard Tower |
| 4:10 | Guard Tower |
| 4:17 | Keep |
| 4:17 | Keep |
| 4:26 | Brilliance Aura |
| 4:47 | Farm |
| 4:48 | Farm |
| 4:49 | Farm |
| 5:01 | Guard Tower |
| 5:03 | Scout Tower |
| 5:04 | Scout Tower |
| 5:04 | Scout Tower |
| 5:05 | Scout Tower |
| 5:06 | Scout Tower |
| 5:06 | Scout Tower |
| 5:07 | Scout Tower |
| 5:07 | Scout Tower |
| 5:08 | Scout Tower |
| 5:27 | Boots of Speed |
| 5:27 | Staff of Teleportation |
| 5:58 | Guard Tower |
| 6:19 | Arcane Vault |
| 6:20 | Guard Tower |
| 6:28 | Guard Tower |
| 6:48 | Healing Salve |
| 6:48 | Healing Salve |
| 7:21 | Guard Tower |
| 7:22 | Arcane Sanctum |
| 7:36 | Storm Bolt |
| 8:23 | Guard Tower |
| 8:24 | Guard Tower |
| 8:24 | Guard Tower |
| 8:43 | Guard Tower |
| 8:48 | Castle |
| 9:08 | Guard Tower |
| 9:30 | Improved Masonry |
| 10:21 | Improved Lumber Harvesting |
| 10:50 | Brilliance Aura |
| 11:34 | Advanced Masonry |
| 12:16 | Bash |
| 12:25 | Staff of Sanctuary |
| 12:28 | Holy Light |
| 12:42 | Orb of Lightning |
| 12:42 | Orb of Lightning |
| 13:04 | Boots of Speed |
| 13:04 | Staff of Teleportation |
| 13:17 | Tome of Retraining |
| 13:17 | Retrain Hero |
| 13:18 | Blizzard |
| 13:18 | Brilliance Aura |
| 13:18 | Blizzard |
| 13:34 | Gryphon Aviary |
| 13:35 | Gryphon Aviary |
| 13:37 | Blacksmith |
| 13:38 | Barracks |
| Right click | 895 |
| Select | 269 |
| Select group | 145 |
| Build/train/purchase | 95 |
| Chat | 70 |
| Use ability | 34 |
| Assign group | 23 |
| Minimap ping | 5 |
| Item give/drop | 3 |
| Misc. action | 1 |



| Staff of Sanctuary | 3 | 750 |
| Staff of Teleportation | 3 | 450 |
| Boots of Speed | 3 | 750 |
| Orb of Lightning | 1 | 375 |
| total: | 10 | 2325g |
| Peasant | 14 | 1050 | / | 0 |
| total: | 14 | 1050g | / | 0w |
| Scout Tower | 39 | 1170 | / | 780 |
| Arcane Tower | 3 | 210 | / | 150 |
| Guard Tower | 12 | 840 | / | 600 |
| Altar of Kings | 1 | 180 | / | 50 |
| Farm | 4 | 320 | / | 80 |
| Lumber Mill | 1 | 120 | / | 0 |
| Arcane Vault | 3 | 390 | / | 90 |
| Town Hall | 1 | 385 | / | 205 |
| Arcane Sanctum | 1 | 150 | / | 140 |
| Keep | 1 | 320 | / | 210 |
| Castle | 1 | 360 | / | 210 |
| total: | 50 | 2715g | / | 1345w |
| 0:05 | Peasant |
| 0:05 | Peasant |
| 0:09 | Altar of Kings |
| 0:10 | Farm |
| 0:23 | Peasant |
| 0:23 | Peasant |
| 0:40 | Peasant |
| 0:43 | Lumber Mill |
| 0:48 | Scout Tower |
| 1:04 | Peasant |
| 1:14 | Farm |
| 1:20 | Arcane Tower |
| 1:30 | Peasant |
| 1:47 | Peasant |
| 1:47 | Peasant |
| 1:55 | Scout Tower |
| 2:00 | Peasant |
| 2:00 | Peasant |
| 2:11 | Blizzard |
| 2:24 | Guard Tower |
| 2:25 | Scout Tower |
| 2:49 | Peasant |
| 2:49 | Peasant |
| 2:59 | Guard Tower |
| 2:59 | Scout Tower |
| 3:00 | Scout Tower |
| 3:06 | Peasant |
| 3:31 | Guard Tower |
| 3:38 | Keep |
| 3:52 | Farm |
| 3:52 | Farm |
| 3:57 | Scout Tower |
| 3:58 | Scout Tower |
| 4:14 | Guard Tower |
| 4:16 | Scout Tower |
| 4:17 | Scout Tower |
| 4:17 | Scout Tower |
| 4:21 | Brilliance Aura |
| 4:31 | Guard Tower |
| 4:38 | Staff of Teleportation |
| 4:39 | Boots of Speed |
| 5:28 | Scout Tower |
| 5:28 | Scout Tower |
| 5:31 | Scout Tower |
| 5:32 | Scout Tower |
| 5:34 | Guard Tower |
| 5:46 | Guard Tower |
| 5:48 | Scout Tower |
| 5:49 | Scout Tower |
| 6:19 | Staff of Teleportation |
| 6:21 | Boots of Speed |
| 6:37 | Castle |
| 6:52 | Arcane Sanctum |
| 7:00 | Storm Bolt |
| 7:17 | Arcane Tower |
| 7:19 | Arcane Tower |
| 7:23 | Guard Tower |
| 7:40 | Brilliance Aura |
| 9:12 | Bash |
| 9:28 | Improved Masonry |
| 9:30 | Magic Sentry |
| 9:35 | Guard Tower |
| 9:57 | Arcane Vault |
| 9:58 | Arcane Vault |
| 9:59 | Arcane Vault |
| 10:58 | Holy Light |
| 10:59 | Staff of Teleportation |
| 10:59 | Boots of Speed |
| 11:12 | Town Hall |
| 11:27 | Scout Tower |
| 11:27 | Scout Tower |
| 11:28 | Scout Tower |
| 11:28 | Scout Tower |
| 11:37 | Scout Tower |
| 11:38 | Scout Tower |
| 11:38 | Scout Tower |
| 11:39 | Scout Tower |
| 11:39 | Scout Tower |
| 11:40 | Scout Tower |
| 12:09 | Guard Tower |
| 12:23 | Blizzard |
| 12:39 | Storm Bolt |
| 12:57 | Staff of Sanctuary |
| 12:59 | Staff of Sanctuary |
| 13:00 | Staff of Sanctuary |
| 13:01 | Orb of Lightning |
| 13:11 | Advanced Masonry |
| 13:31 | Guard Tower |
| 13:34 | Divine Shield |
| 13:44 | Guard Tower |
| 13:49 | Scout Tower |
| 13:49 | Scout Tower |
| 13:50 | Scout Tower |
| 13:51 | Scout Tower |
| 13:53 | Scout Tower |
| 13:54 | Scout Tower |
| 13:54 | Scout Tower |
| 13:55 | Scout Tower |
| 13:55 | Scout Tower |
| 13:56 | Scout Tower |
| 13:57 | Scout Tower |
| 13:57 | Scout Tower |
| 13:58 | Scout Tower |
| Right click | 727 |
| Select group | 703 |
| Select | 152 |
| Chat | 118 |
| Build/train/purchase | 62 |
| Use ability | 55 |
| Misc. action | 54 |
| Assign group | 8 |
| Item give/drop | 7 |
| Minimap ping | 5 |